Map: Blackburn LE

Players

Scarlett - Winner!

  • Race: Zerg Zerg

INnoVation

  • Race: Terran Terran

Event: DreamHack SC2 Masters 2021 Summer

VOD

Have the link to the VOD?

Description

Time

  • Played on: July 3, 2021, 10:59 a.m.
  • Length: 15:38

All games in this series

Show
View Real Time Build Order
Export as new Build Order

Scarlett Zerg - Winner!

Build Orders: Hatch First, Lurkers 

Get SALT Encoding   

  12  0:00  Drone  
  13  0:12  Overlord  
  13  0:16  Drone  
  14  0:30  Drone x2  
  16  0:47  Hatchery  
  15  0:50  Drone  
  15  0:54  Drone  
  17  0:57  Drone  
  18  1:07  Extractor  
  17  1:13  Spawning Pool  
  17  1:15  Drone  
  17  1:20  Drone  
  18  1:28  Drone  
  19  1:39  Drone  
  20  1:51  Drone  
  21  1:59  Queen x2  
  21  2:00  Zergling x2  
  26  2:01  Zergling x2  
  27  2:12  Drone  
  27  2:13  Overlord  
  28  2:23  Hatchery  
  28  2:27  Drone  
  28  2:32  Drone x2  
  28  2:35  Metabolic Boost  
  30  2:42  Drone  
  31  2:45  Overlord  
  31  2:46  Drone  
  32  2:53  Queen  
  34  2:59  Drone x2  
  34  3:05  Queen  
  36  3:08  Drone  
  36  3:09  Drone  
  36  3:12  Drone x2  
  42  3:17  Overlord  
  42  3:22  Drone x2  
  44  3:34  Queen  
  44  3:35  Queen  
  44  3:36  Drone x2  
  44  3:41  Drone x2  
  52  3:45  Zergling x6  
  55  3:51  Overlord  
  54  3:56  Drone  
  54  4:01  Zergling x4  
  54  4:02  Overlord  
  57  4:10  Drone x6  
  57  4:13  Overlord  
  63  4:20  Drone x2  
  63  4:21  Overlord  
  65  4:29  Overlord  
  65  4:30  Overlord  
  65  4:34  Overlord  
  65  4:35  Queen, Drone x2  
  70  4:38  Drone  
  70  4:39  Queen  
  70  4:41  Drone  
  70  4:43  Drone x2  
  75  4:47  Drone x3  
  77  5:01  Drone x7  
  77  5:05  Zergling x4  
  77  5:06  Queen  
  85  5:16  Extractor x2  
  85  5:17  Zergling x12  
  85  5:18  Hatchery, Spore Crawler  
  84  5:28  Drone x6  
  83  5:39  Drone x3  
  83  5:41  Lair  
  86  5:48  Drone x4  
  90  5:50  Evolution Chamber  
  90  5:52  Evolution Chamber  
  88  5:57  Drone x3  
  88  6:00  Extractor  
  90  6:04  Extractor  
  90  6:05  Extractor, Roach Warren  
  90  6:08  Overlord, Drone x2  
  89  6:12  Overlord  
  89  6:15  Drone x9  
  89  6:18  Zerg Missile Weapons Level 1, Zerg Ground Armor Level 1  
  98  6:25  Drone  
  99  6:26  Overlord x2  
  99  6:34  Drone x2  
  101  6:40  Drone x3  
  101  6:41  Queen  
  101  6:43  Drone x3  
  101  6:44  Overlord x2  
  101  6:45  Roach, Glial Reconstitution  
  111  6:50  Roach x3  
  116  6:56  Roach x3  
  116  6:57  Roach, Queen  
  124  7:05  Extractor  
  124  7:07  Overlord  
  124  7:08  Roach x3  
  129  7:10  Drone  
  129  7:11  Roach x4  
  129  7:12  Roach  
  140  7:17  Roach x6  
  152  7:31  Overlord x4  
  152  7:33  Roach  
  152  7:34  Overlord  
  154  7:38  Extractor  
  154  7:42  Roach x5  
  163  7:54  Roach x7  
  176  8:12  Roach x10  
  190  8:13  Overlord  
  190  8:18  Zerg Missile Weapons Level 2, Zerg Ground Armor Level 2  
  190  8:24  Overlord  
  190  8:33  Ravager x3  
  190  8:34  Ravager x6  
  199  8:35  Hatchery  
  199  8:39  Hydralisk Den, Infestation Pit  
  199  8:40  Ravager x2  
  198  8:54  Roach x13  
  162  9:03  Roach x4  
  146  9:10  Drone  
  146  9:11  Drone  
  146  9:12  Muscular Augments  
  146  9:15  Drone x3  
  146  9:16  Lurker Den  
  150  9:17  Hive  
  150  9:25  Drone  
  150  9:26  Drone  
  150  9:27  Extractor  
  150  9:30  Extractor  
  150  9:32  Spore Crawler, Drone x2  
  150  9:33  Spore Crawler, Drone x3  
  150  9:34  Spore Crawler, Drone x3  
  150  9:35  Spore Crawler  
  150  9:36  Roach x4  
  162  9:44  Roach x4  
  162  9:45  Roach x3  
  176  9:46  Ravager  
  176  9:47  Ravager  
  176  9:48  Ravager  
  179  9:57  Roach x6  
  173  10:24  Grooved Spines  
  171  10:37  Viper x2, Zerg Ground Armor Level 3, Zerg Missile Weapons Level 3  
  171  10:38  Viper  
  180  10:51  Seismic Spines  
  180  10:53  Viper  
  183  11:00  Hatchery, Extractor  
  183  11:02  Hydralisk x5, Extractor  
  190  11:17  Hydralisk x5  
  192  11:25  Spore Crawler  
  192  11:26  Spore Crawler  
  192  11:27  Spine Crawler x2  
  192  11:28  Spine Crawler  
  192  11:29  Spore Crawler  
  186  11:34  Lurker x4, Spine Crawler  
  186  11:35  Lurker  
  186  11:38  Spine Crawler x2  
  186  11:39  Hydralisk  
  190  11:48  Adaptive Talons  
  190  12:01  Lurker x5  
  192  12:02  Hydralisk x3  
  194  12:17  Hydralisk x2  
  194  12:20  Spire x2  
  191  12:56  Hydralisk x8  
  191  13:05  Hydralisk x4  
  193  13:27  Zerg Melee Weapons Level 1  
  193  13:30  Drone  
  194  13:34  Hydralisk x2  
  194  13:37  Lurker  
  194  13:51  Hydralisk x3  
  169  14:10  Hydralisk x4  
  169  14:11  Roach x14  
  188  14:34  Lurker  
  188  14:35  Lurker x13  
  187  15:07  Spore Crawler  
  187  15:09  Viper x4  
  193  15:24  Overseer x2  
Show
View Real Time Build Order
Export as new Build Order

INnoVation Terran 

Build Orders: Hellion Opening, Reaper Expand 

Get SALT Encoding   

  12  0:00  SCV  
  13  0:12  SCV  
  14  0:17  Supply Depot  
  14  0:24  SCV  
  15  0:38  SCV  
  15  0:40  Barracks  
  16  0:43  Refinery  
  16  0:50  SCV  
  17  1:02  SCV  
  18  1:15  SCV  
  19  1:27  Orbital Command, Reaper  
  20  1:39  Command Center  
  20  1:52  Supply Depot  
  20  1:53  SCV  
  21  1:59  Marine  
  22  2:05  SCV  
  23  2:08  Factory  
  23  2:17  SCV  
  23  2:20  Barracks Reactor  
  24  2:29  SCV  
  25  2:36  Command Center  
  25  2:41  SCV  
  26  2:51  Orbital Command  
  26  2:53  SCV  
  27  3:00  Starport  
  27  3:03  Hellion  
  29  3:09  Hellion  
  29  3:12  SCV  
  32  3:16  Refinery  
  32  3:21  SCV  
  32  3:24  SCV  
  34  3:29  Hellion  
  34  3:30  Hellion  
  38  3:34  SCV  
  38  3:36  SCV  
  38  3:39  Viking  
  42  3:42  Barracks Tech Lab  
  42  3:47  SCV  
  42  3:48  SCV  
  44  3:50  Orbital Command  
  44  3:55  Hellion  
  46  3:58  Hellion  
  46  4:01  SCV x2  
  50  4:09  Stimpack  
  50  4:13  Medivac, SCV x2  
  54  4:20  Supply Depot  
  54  4:21  Hellion x2  
  58  4:26  SCV x2  
  58  4:29  Marine  
  58  4:30  Orbital Command  
  56  4:38  SCV x2  
  58  4:43  Barracks  
  58  4:47  Starport Reactor, Supply Depot  
  58  4:50  SCV x2  
  58  4:51  Barracks  
  60  4:55  Marine, Factory Tech Lab  
  60  5:03  SCV x2  
  60  5:04  SCV  
  62  5:13  Marine  
  60  5:15  SCV x2  
  61  5:27  SCV x3  
  60  5:30  Marine  
  60  5:32  Engineering Bay x2  
  60  5:33  Refinery x2  
  57  5:38  Starport Reactor  
  57  5:39  Marine, SCV x3  
  57  5:40  Marine x2  
  63  5:48  Marine, Supply Depot  
  64  5:51  Combat Shield, SCV x3  
  67  5:57  Marine x2  
  67  5:59  Terran Infantry Weapons Level 1, Terran Infantry Armor Level 1  
  67  6:00  Marine x2  
  67  6:03  SCV x2  
  74  6:04  SCV  
  74  6:07  Siege Tank  
  77  6:16  Supply Depot  
  77  6:18  Supply Depot  
  77  6:20  SCV x3  
  77  6:25  Medivac, Marine  
  81  6:26  Marine  
  85  6:32  Barracks, SCV  
  85  6:33  Barracks  
  85  6:37  Marine x2, SCV x2  
  85  6:39  Supply Depot  
  92  6:40  Siege Tank, Medivac  
  92  6:42  Supply Depot  
  92  6:44  Marine x3  
  97  6:48  SCV  
  97  6:49  SCV  
  97  6:52  SCV  
  97  6:54  Supply Depot  
  100  6:55  Marine  
  100  7:00  Armory  
  100  7:02  SCV x2  
  100  7:03  Marine x2  
  100  7:04  Marine x2, SCV  
  105  7:13  Command Center, Marine  
  106  7:20  SCV x3  
  106  7:22  Refinery x2  
  109  7:23  Siege Tank, Supply Depot  
  109  7:24  Supply Depot  
  112  7:36  Barracks Reactor, Marine x5  
  118  7:38  Barracks Reactor  
  118  7:40  Medivac x2  
  121  7:53  Marine  
  121  7:54  Marine x4  
  121  7:56  Terran Infantry Weapons Level 2, Terran Infantry Armor Level 2  
  121  7:58  Drilling Claws  
  128  8:04  SCV x3  
  131  8:07  Factory  
  131  8:11  Marine  
  131  8:12  Siege Tank, Marine  
  129  8:13  Marauder  
  129  8:14  Marine x6  
  127  8:24  Terran Vehicle Weapons Level 1  
  124  8:29  Marine x2  
  124  8:30  SCV x3  
  124  8:31  Medivac x2, Marine  
  124  8:32  Marine x2  
  124  8:33  Marine x3  
  137  8:34  Marauder  
  137  8:47  Marine x2  
  137  8:48  Supply Depot  
  139  8:49  Marine x2  
  139  8:50  Siege Tank, Marine  
  139  8:51  Marine x3, Factory Tech Lab  
  124  8:55  Marauder  
  108  9:04  SCV x2  
  108  9:05  Marine x2, SCV  
  108  9:07  Marine x3  
  108  9:09  Planetary Fortress  
  108  9:13  Siege Tank  
  113  9:17  Marauder  
  113  9:19  Marine x3  
  113  9:22  SCV  
  113  9:23  Marine, SCV x2  
  120  9:28  Siege Tank  
  123  9:35  SCV x3  
  126  9:40  Medivac, Missile Turret  
  126  9:42  Medivac  
  130  9:49  Siege Tank, SCV x3  
  136  9:56  Marine  
  136  9:57  Marauder, Marine x5  
  144  10:04  Siege Tank  
  147  10:10  Medivac  
  147  10:11  Medivac  
  147  10:12  Marine x2  
  149  10:14  Marine  
  149  10:15  Marine x5  
  149  10:18  Marauder  
  151  10:24  Siege Tank  
  151  10:28  Sensor Tower  
  154  10:29  Marine  
  154  10:34  Marine x2  
  154  10:35  Marine x5  
  142  10:38  Siege Tank  
  142  10:40  Medivac, Marauder  
  142  10:41  Medivac  
  151  10:44  Refinery  
  151  10:47  Marine  
  151  10:48  Sensor Tower  
  151  10:49  SCV  
  154  10:50  SCV x3  
  154  10:52  Refinery, Marine x4  
  160  10:59  Siege Tank, Missile Turret  
  163  11:08  Command Center  
  163  11:22  Marine  
  164  11:29  Barracks  
  164  11:30  Barracks  
  164  11:31  Barracks  
  164  11:32  Marine  
  164  11:33  Medivac x2, Marine x3, Supply Depot  
  164  11:35  Supply Depot  
  164  11:37  Terran Vehicle Weapons Level 2  
  172  11:42  Ghost Academy  
  172  11:50  Marine  
  172  11:54  Marine  
  172  11:55  Siege Tank, Marauder  
  172  11:57  Siege Tank  
  172  12:00  Sensor Tower  
  181  12:03  Marine  
  181  12:04  Marine x5  
  183  12:08  Marine  
  183  12:11  SCV x3  
  183  12:12  Marine  
  186  12:16  Marauder  
  186  12:21  Marine  
  189  12:22  Terran Infantry Weapons Level 3  
  189  12:23  Terran Infantry Armor Level 3  
  179  12:36  Medivac x2  
  165  12:38  Siege Tank x2, Marauder  
  165  12:43  SCV x3  
  166  12:53  Planetary Fortress  
  166  12:54  SCV  
  166  12:55  SCV x3  
  169  12:58  Marine  
  169  12:59  Barracks Tech Lab, Marauder, Marine  
  169  13:00  Barracks Tech Lab  
  169  13:02  Barracks Tech Lab  
  158  13:20  Siege Tank x2, SCV x3  
  158  13:21  SCV  
  158  13:25  Ghost x2  
  158  13:26  Ghost  
  170  13:30  Ghost  
  171  13:35  SCV x3  
  171  13:36  SCV  
  166  13:43  Medivac x2  
  166  13:47  SCV  
  166  13:48  SCV x3  
  168  13:54  Missile Turret  
  158  13:56  Marauder x2  
  158  13:57  Reaper, Marauder  
  158  13:59  Marauder, SCV  
  158  14:00  SCV x2  
  165  14:04  Siege Tank  
  165  14:07  Siege Tank  
  153  14:14  Medivac x2  
  150  14:18  SCV x4  
  152  14:24  Ghost x3  
  155  14:31  SCV  
  155  14:32  SCV x2  
  154  14:41  Missile Turret  
  154  14:43  Siege Tank x2  
  154  14:44  Sensor Tower  
  160  14:50  SCV x4  
  165  14:52  SCV  
  165  14:56  Ghost x2  
  165  14:58  Marine  
  165  14:59  Marine x4  
  171  15:02  SCV  
  169  15:11  Marauder x2, Marine x3  
  167  15:16  Marine  
  167  15:17  Refinery  
  167  15:18  Refinery  
Tags
 
Add a new tag
Caveats
  • Supply blocks, unpowered buildings, or Contaminate may cause inaccurate times.
  • Supply counts are checked every 10 seconds.